 Dungeon Crawl Stone Soup version 0.26-a0-649-gf8c6c3aab7 (webtiles) character file.

Game seed: 12462630934705376795

18 TerrariaFan the Skirmisher (level 2, -17/26 HPs)
             Began as a Troll Wanderer on Sept 26, 2020.
             Demolished by a polar bear (20 damage)
             ... created by the rage of Trog
             ... on level 2 of the Dungeon.
             The game lasted 00:03:17 (17387 turns).

TerrariaFan the Skirmisher (Troll Wanderer)        Turns: 17387, Time: 00:03:17

Health: -17/26     AC:  9    Str: 20    XL:     2   Next: 48%
Magic:  1/1        EV:  9    Int:  6    God:
Gold:   40         SH:  0    Dex: 10    Spells: 1/1 levels left

rFire    . . .     SeeInvis .   a - +0 hand crossbow
rCold    . . .     Faith    .   (no shield)
rNeg     . . .     Spirit   .   c - +2 robe
rPois    .         Reflect  .   e - +1 hat
rElec    .         Harm     .   (no cloak)
rCorr    .         Rampage  .   (gloves unavailable)
MR       .....                  (boots unavailable)
Stlth    +.........             (no amulet)
HPRegen  0.48/turn              (no ring)
MPRegen  0.07/turn              (no ring)

@: heavily drained, bezotted
A: large, unfitting armour, claws 3, frail 1, regeneration 1, shaggy fur 1,
tough skin 3, wild magic 1
a: no special abilities


You were on level 2 of the Dungeon.
You visited 1 branch of the dungeon, and saw 3 of its levels.

You collected 40 gold pieces.

Inventory:

Hand Weapons
 a - a +0 hand crossbow (weapon)
Missiles
 d - 16 bolts (quivered)
Armour
 c - a +2 robe (worn)
 e - a +1 hat (worn)
Jewellery
 g - an uncursed ring of protection from cold {unknown}
 h - an uncursed ring of ice {unknown}
Scrolls
 j - a scroll of identify
Potions
 b - a potion of lignification
 i - a potion of heal wounds {unknown}


   Skills:
 + Level 2.6(1.0) Fighting
 + Level 2.2(0.6) Crossbows
 + Level 1.7(0.2) Dodging
 + Level 1.1(0.0) Stealth
   Level 1.0(0.0) Evocations


You had one spell level left.
You didn't know any spells.
Your spell library was empty.

Dungeon Overview and Level Annotations

Branches:
Dungeon (3/15)

Altars:
Trog


Innate Abilities, Weirdness & Mutations

You are too large for most types of armour.
You have claws for hands.
Your natural rate of healing is unusually fast.
You are covered in fur. (AC +1)
You have extremely tough skin. (AC +3)
You are frail. (-10% HP)
Your spells are a little harder to cast, but a little more powerful.


Message History

The hobgoblin hits you but does no damage.
You shoot a bolt. The bolt hits the hobgoblin!
You kill the hobgoblin!
You start waiting.
Trog sends monsters to punish you. 3 polar bears come into view.
There are monsters nearby!
There are monsters nearby!
As you read the scroll of magic mapping, it crumbles to dust.
You feel aware of your surroundings.
You shoot a bolt. The bolt hits the polar bear.
The polar bear is lightly wounded.
The polar bear bites you!
Ouch! That really hurt!
The polar bear completely misses you. The polar bear claws you!
* * * LOW HITPOINT WARNING * * *
The polar bear rages.
The polar bear bites you!!
Ouch! That really hurt!
You die...

,,,,,*,,,* #...#...>#
,,,,,*,,,***#####...#)...#
,,,,,,,,,,,,,...#........#
,,,,,*********#.#....#...#
,,,,,**,,,,,,,#......#.<.#
,,,,,,*,,*,**+##.....#...#
,,,,^,*,****,,##.....#####
,,,,,,*,,*,*,*#.(h...#
,,,,,,*,**,,,,#.@...##
,,,,,,*,*,,,,*#h.h[.#
,,,**,*,*,,*,,#....##
*,,,,,*,******#.<###
*,,,,,,,,,,,,....#
*,,,,,,,,,,,.....#******* ******
,,,,,,,,,,*,......,,,,,,** *,,,,,
*,,,,,,,,,*,....##*****,,***,,,,,
*,,,,,,,,,,,,,,,* **,,,,,,,,,


You could see 3 polar bears.

Vanquished Creatures
  A giant cockroach (D:1)
  3 goblins (D:1)
  3 hobgoblins
  A ball python (D:1)
  4 bats (D:1)
  3 frilled lizards (D:1)
  2 rats (D:3)
17 creatures vanquished.

Notes
Turn   | Place    | Note
-------+----------+-------------------------------------------
     0 | D:1      | TerrariaFan the Troll Wanderer began the quest for the Orb.
     0 | D:1      | TerrariaFan set off with the following items: a +0 hand
                  | crossbow, a potion of lignification, a +2 robe, 24 bolts
     0 | D:1      | Reached XP level 1. HP: 22/22 MP: 0/0
    88 | D:1      | Reached XP level 2. HP: 29/29 MP: 1/1
   218 | D:1      | Gained mutation: You are frail. (-10% HP) [potion of
                  | mutation]
   218 | D:1      | Gained mutation: Your spells are a little harder to cast,
                  | but a little more powerful. [potion of mutation]
   372 | D:3      | Found a bloodstained altar of Trog.
   386 | D:3      | Became a worshipper of Trog the Wrathful
   387 | D:3      | Fell from the grace of Trog
 17302 | D:3      | Touched by the power of Zot.
 17386 | D:2      | Noticed a polar bear
 17386 | D:2      | Noticed a polar bear
 17386 | D:2      | Noticed a polar bear
 17387 | D:2      | Demolished by a polar bear

Illustrated notes

Levels and vault maps discovered:
D:1:      erik_arrival_orb_chamber, layout_rooms, grunt_decor_cap,
          palyth_stone_intersect, nemelex_altar_shiori
D:2:      minmay_wonky_spiral, layout_rooms
D:3:      layout_rooms, marbit_many_paths, trog_hazing_becter

Action                   || total
-------------------------++-------
Melee: Hand crossbow     ||    13
 Fire: Hand crossbow     ||    35
Invok: Renounce Religion ||     1
  Use: Scroll            ||     3
       Potion            ||     1
Armor: Robe              ||    17
Dodge: Dodged            ||    18

Table legend: (Time is in decaauts)
 A = Elapsed time spent in this place.
 B = Non-inter-level travel time spent in this place.
 C = Inter-level travel time spent in this place.
 D = Time resting spent in this place.
 E = Time spent auto-exploring this place.
 F = Levels seen in this place.
 G = Mean time per level.
                   A        B        C        D        E       F      G
               +--------+--------+--------+--------+--------+-----+--------+
         Total |  17407 |  17402 |      5 |  16933 |    220 |   3 | 5802.3 |
       Dungeon |  17407 |  17402 |      5 |  16933 |    220 |   3 | 5802.3 |
               +--------+--------+--------+--------+--------+-----+--------+

Top non-repeatable levels by time:
     D:3: 16989 daAuts
     D:1: 363 daAuts
     D:2: 53 daAuts
